 Dungeon Crawl Stone Soup version 0.20.0-6-gd3061e9 (webtiles) character file.

209756 kuniqs the Fighter (level 18, -6/101 HPs)
             Began as a Vine Stalker Fighter on May 28, 2017.
             Was a Believer of Uskayaw.
             Drowned by a drowned soul (9 damage)
             ... summoned by a merfolk avatar
             ... on level 1 of the Shoals.
             The game lasted 00:55:08 (26099 turns).

kuniqs the Fighter (Vine Stalker Fighter)          Turns: 26099, Time: 00:55:09

Health: -6/101     AC: 31    Str: 28    XL:     18   Next: 83%
Magic:  0/29       EV: 15    Int:  7    God:    Uskayaw [**....]
Gold:   1607       SH: 35    Dex: 20    Spells: 17/17 levels left

rFire    + . .     SeeInvis +   G - +5 long sword "Cuorod" {drain, rElec rPois Str+3 Dex+4}
rCold    . . .     Gourm    .   M - +10 large shield of Ignorance {rN+ Int-4}
rNeg     + + +     Faith    .   Z - +2 chain mail {rF+}
rPois    +         Spirit   +   x - +1 helmet {Int+3}
rElec    +         Reflect  +   j - +2 cloak {rPois}
rCorr    +         Harm     .   X - +0 pair of gloves "Forget-Me-Not" {rElec rN+ SInv Stlth+}
MR       +++..                  F - +2 pair of boots
Stlth    ..........             J - +4 amulet of reflection
Regen    1.1/turn               L - +6 ring of protection
MPRegen  0.3/turn               S - ring "Heiw" {rCorr rPois rN++ MR+}

@: mesmerised, very slow
A: fangs 3, poison resistance, regeneration 2, wild magic 1, magic shield,
antimagic bite, no potion heal 3, rot immunity
}: 1/15 runes: serpentine
a: Stomp, Line Pass, Renounce Religion


You were on level 1 of the Shoals.
You worshipped Uskayaw.
Uskayaw was pleased with you.
You were hungry.

You visited 6 branches of the dungeon, and saw 29 of its levels.
You also visited: Labyrinth and Ice Cave.

You collected 3208 gold pieces.
You spent 1601 gold pieces at shops.

Inventory:

Hand Weapons
 s - a +5 dagger
 G - the +5 long sword "Cuorod" (weapon) {drain, rElec rPois Str+3 Dex+4}
   (You found it on level 11 of the Dungeon)

   A truly terrible weapon, it drains the life of those it strikes.
   It affects your strength (+3).
   It affects your dexterity (+4).
   It insulates you from electricity.
   It protects you from poison.
Missiles
 U - a throwing net (quivered)
Armour
 j - a +2 cloak of poison resistance (worn)
 x - a +1 helmet of intelligence (worn)
 F - a +2 pair of boots (worn)
 M - the +10 large shield of Ignorance (worn) {rN+ Int-4}
   (You bought it in a shop on level 2 of the Orcish Mines)

   It affects your intelligence (-4).
   It protects you from negative energy.
 Q - a +1 shield of cold resistance
 X - the +0 pair of gloves "Forget-Me-Not" (worn) {rElec rN+ SInv Stlth+}
   (You found it in a labyrinth)

   It insulates you from electricity.
   It protects you from negative energy.
   It lets you see invisible.
   It makes you more stealthy.
 Z - a +2 chain mail of fire resistance (worn)
Jewellery
 J - a +4 amulet of reflection (around neck)
 L - a +6 ring of protection (left hand)
 S - the ring "Heiw" (right hand) {rCorr rPois rN++ MR+}
   (You found it on level 6 of the Lair of Beasts)

   [ring of resist corrosion]

   It protects you from poison.
   It greatly protects you from negative energy.
   It affects your resistance to hostile enchantments.
 W - the ring of Hocsuho {rF+ MP+9 Dex+3}
   (You found it in a labyrinth)

   [ring of magical power]

   It affects your dexterity (+3).
   It protects you from fire.
   It affects your magic capacity (+9).
Wands
 i - a wand of paralysis (14/24)
 o - a wand of flame (25/48)
 r - a wand of acid (4/15)
 y - a wand of polymorph (10/24)
 K - a wand of iceblast (5/15)
 N - a wand of confusion (21/48)
 T - a wand of acid (10/15)
Scrolls
 a - a scroll of brand weapon
 b - 7 scrolls of fog
 g - a scroll of blinking
 k - 3 scrolls of fear
 l - 6 scrolls of remove curse {@r2}
 m - 11 scrolls of teleportation
 t - 3 scrolls of enchant weapon
 w - 2 scrolls of magic mapping
 z - a scroll of enchant armour
 A - a scroll of holy word
 E - a scroll of summoning
 H - 7 scrolls of recharging
 I - a scroll of random uselessness {unknown}
 Y - a scroll of immolation {unknown}
Potions
 c - a potion of invisibility
 h - 4 potions of haste
 q - 6 potions of curing {@q1}
 u - 3 potions of flight
 v - 4 potions of might
 O - 2 potions of mutation
 P - 2 potions of resistance
Miscellaneous
 p - a phantom mirror
 D - a lightning rod (4/4)
Comestibles
 d - 21 bread rations
 e - 14 meat rations
 f - 15 fruits
 n - 11 royal jellies
 B - 9 chunks of flesh


   Skills:
 + Level 13.8 Fighting
 - Level 10.3 Short Blades
 + Level 12.7 Armour
 + Level 12.0 Dodging
 + Level 13.1 Shields
 + Level 13.8 Invocations


You had 17 spell levels left.
You didn't know any spells.

Dungeon Overview and Level Annotations

Branches:
Dungeon (15/15)            Temple (1/1) D:6            Lair (6/6) D:10
 Shoals (1/4) Lair:2        Snake (4/4) Lair:4        Slime (0/5) Lair:5
    Orc (2/2) D:9             Elf (0/3) Orc:2        Vaults (0/5) D:14
 Depths: D:15

Altars:
Ashenzari
Cheibriados
Dithmenos
Elyvilon
Fedhas
Gozag
Hepliaklqana
Kikubaaqudgha
Makhleb
Nemelex Xobeh
Okawaru
Qazlal
Ru
Sif Muna
Trog
Uskayaw
Vehumet
Xom
Yredelemnul
Zin
The Shining One
Jiyva

Shops:
Orc:2 [*}!   Shoals:1 (}   Snake:2 [

Portals:
Pandemonium: Orc:2

Annotations:
Lair:5 1 runed door
Shoals:1 exclusion: Roxanne, Roxanne


Innate Abilities, Weirdness & Mutations

You have razor-sharp teeth.
You heal very quickly.
When hurt, damage is shared between your health and your magic reserves.
Your bite disrupts and absorbs the magic of your enemies.
Potions cannot restore your health.
You are immune to rotting.
Your system is resistant to poisons. (rPois)
Your spells are a little harder to cast, but a little more powerful.


Message History

The merfolk avatar falters for a moment.
The drowned soul touches you. The drowned soul drowns you!
* * * LOW HITPOINT WARNING * * *
Your shield and chain mail prevent you from hitting the merfolk avatar.
You bite the merfolk avatar.
The merfolk avatar's magic leaks into the air.
You drain its magic.
You feel invigorated.
The merfolk avatar is almost dead.
The drowned soul touches you. The drowned soul drowns you!
* * * LOW HITPOINT WARNING * * *
You block the drowned soul's attack.
Your unstable footing causes you to fumble your attack.
You block the drowned soul's attack.
The merfolk avatar falters for a moment.
You block the drowned soul's attack.
The merfolk avatar chants its luring song.
You closely miss the merfolk avatar. Your bite misses the merfolk avatar.
The merfolk avatar is almost dead.
The drowned soul touches you. The drowned soul drowns you!
You die...

. . ≈≈≈≈≈...##..... .
≈?≈≈≈≈.....≈..# .
..!..≈≈≈..≈..≈. .
.....≈≈≈≈≈≈≈≈≈. ...
......≈≈≈≈≈≈≈≈≈ ...
......≈≈≈≈≈≈≈≈≈
≈....≈≈≈......≈≈≈mW≈≈≈≈≈
≈.....≈≈≈.##..≈≈@W≈≈≈≈≈≈
≈.............≈≈≈≈≈.≈!.≈
≈≈...........≈≈≈≈≈.....≈
≈≈...........≈≈....#..≈≈
.......................≈
....................≈...
......)............≈≈≈≈.
...................(≈≈≈≈
..PP..............≈≈≈≈≈≈


You could see a merfolk avatar and 2 drowned souls.

Vanquished Creatures
  Mara (Snake:3)
  Agnes (Snake:3)
  Kirke (D:12)
  4 nagarajas (Snake:4)
  A frost giant (IceCv)
  A stone giant (Orc:1)
  2 entropy weavers (Lair:4)
  A dire elephant (Lair:6)
  A minotaur (Lab)
  A fire dragon (D:14)
  Fannar (D:10)
  Harold (D:10)
  7 hydras
  29 naga warriors
  Erolcha (Orc:2)
  A centaur warrior (D:13)
  9 anacondas
  A queen ant (Lair:4)
  An ogre mage (D:14)
  A catoblepas (Lair:6)
  An alligator (Lair:6)
  4 two-headed ogres
  5 orc high priests (Orc:2)
  2 soul eaters (Orc:2)
  16 naga sharpshooters
  4 slime creatures (D:12)
  7 shock serpents
  An iron troll (D:14)
  An unseen horror (D:14)
  3 salamander mystics
  4 sea snakes
  A gelid demonspawn (Orc:2)
  Pikel (D:4)
  7 naga ritualists
  2 infernal demonspawn (Orc:2)
  2 lindwurms (Lair:6)
  A lindwurm (shapeshifter) (D:14)
  4 harpies (Shoals:1)
  6 orc knights
  7 orc sorcerers (Orc:2)
  11 mana vipers
  A deep elf mage (D:14)
  A faun (Shoals:1)
  7 ugly things
  3 cyclopes
  3 manticores
  A rust devil (Orc:2)
  2 merfolk sirens (Shoals:1)
  14 salamanders
  2 guardian serpents
  A torpor snail (Lair:5)
  9 elephants (Lair:6)
  An ice statue (IceCv)
  6 gargoyles
  28 naga magi
  An orange demon (Orc:2)
  46 black mambas
  3 kobold demonologists
  12 spiny frogs
  A freezing wraith (D:14)
  3 rime drakes (Lair:6)
  9 komodo dragons
  4 trolls
  A merfolk (Shoals:1)
  26 polar bears
  A wind drake (Shoals:1)
  2 raiju (Lair:6)
  A meliai zombie (D:14)
  8 dream sheep
  10 hippogriffs
  14 blink frogs
  2 wyverns
  2 redbacks (Lab)
  A water elemental (D:14)
  3 hogs (D:12)
  41 yaks
  A spriggan (D:8)
  2 shadows (Lab)
  5 hungry ghosts
  4 basilisks
  3 fire bats (Lair:2)
  A neqoxec (Orc:2)
  A golden eye (shapeshifter) (D:14)
  4 vampire mosquitoes (D:13)
  9 soldier ants
  6 wargs
  51 nagas
  An acid dragon (D:14)
  21 water moccasins
  15 hell hounds (Lair:6)
  5 porcupines
  4 ice beasts
  34 orc warriors
  An eye of draining (D:14)
  12 black bears
  4 phantoms
  5 sky beasts
  6 necrophages
  11 ogres
  36 wolves
  11 centaurs
  11 crocodiles
  A tengu (Lair:4)
  3 big kobolds
  16 bullfrogs
  5 scorpions
  3 wyvern skeletons
  9 wights
  4 killer bees (D:13)
  9 electric eels
  6 howler monkeys
  9 crimson imps
  A bullfrog zombie (D:10)
  3 centaur zombies
  A quasit (D:5)
  2 bullfrog skeletons
  11 hounds
  5 jellies
  22 orc priests
  4 centaur skeletons
  Crazy Yiuf (D:7)
  16 orc wizards
  Jessica (D:3)
  7 iguanas
  28 worker ants
  2 hound zombies
  A hound skeleton (D:6)
  A gnoll (D:5)
  21 adders
  2 oozes
  An adder zombie (D:9)
  A dart slug (D:1)
  4 leopard geckos
  79 orcs
  3 ball pythons
  14 bats
  6 giant cockroaches
  8 goblins
  9 hobgoblins
  6 jackals
  5 quokkas
  4 frilled lizards
  11 kobolds
  A leopard gecko skeleton (D:8)
  A quokka zombie (D:9)
  9 rats
  A bush (D:10)
  A plant (Lair:6)
1048 creatures vanquished.

Vanquished Creatures (others)
  Vashnia (Snake:3)
  2 centaur warriors (D:13)
  11 naga sharpshooters
  A salamander (Snake:1)
  A naga mage (Snake:4)
  2 nagas (Snake:4)
  3 centaurs
  An adder skeleton (D:4)
  A goblin (D:3)
  A bush (D:7)
  4 fungi
  16 plants
44 creatures vanquished.

Grand Total: 1092 creatures vanquished

Notes
Turn   | Place    | Note
-------+----------+-------------------------------------------
     0 | D:1      | kuniqs the Vine Stalker Fighter began the quest for the Orb.
     0 | D:1      | Reached XP level 1. HP: 11/11 MP: 2/2
   130 | D:1      | Reached XP level 2. HP: 11/16 MP: 3/3
   492 | D:1      | Reached XP level 3. HP: 14/19 MP: 4/4
  1234 | D:2      | Reached skill level 1 in Dodging
  1258 | D:2      | Gained mutation: Your natural rate of healing is unusually fast. [Vine Stalker growth]
  1258 | D:2      | Reached XP level 4. HP: 17/24 MP: 5/5
  1746 | D:3      | Noticed Jessica
  1773 | D:3      | Killed Jessica
  1777 | D:3      | Reached XP level 5. HP: 28/28 MP: 4/6
  1931 | D:3      | Found a transporter.
  1932 | D:3      | Noticed an orc warrior
  1932 | D:3      | Found a transporter.
  1936 | D:3      | Noticed a sky beast
  1948 | D:3      | Found a radiant altar of Vehumet.
  2504 | D:4      | Noticed Pikel
  2510 | D:4      | Noticed a slave
  2511 | D:4      | Noticed a slave
  2512 | D:4      | Noticed a slave
  2513 | D:4      | Noticed a slave
  2563 | D:4      | Killed Pikel
  2563 | D:4      | Reached XP level 6. HP: 21/33 MP: 5/7
  2563 | D:4      | Reached XP level 7. HP: 24/37 MP: 5/8
  2924 | D:4      | Gained mutation: You have razor-sharp teeth. [Vine Stalker growth]
  2924 | D:4      | Reached XP level 8. HP: 41/42 MP: 9/9
  2976 | D:4      | Found a sacrificial altar of Ru.
  3271 | D:5      | Entered Level 5 of the Dungeon
  3500 | D:5      | Found a shimmering altar of Xom.
  3559 | D:5      | Found an opulent altar of Gozag.
  3604 | D:5      | Found a glowing silver altar of Zin.
  3673 | D:5      | Found a white marble altar of Elyvilon.
  3962 | D:6      | Found a staircase to the Ecumenical Temple.
  3968 | Temple   | Entered the Ecumenical Temple
  3998 | Temple   | Became a worshipper of Uskayaw the Reveler
  4058 | D:6      | Reached * piety under Uskayaw
  4061 | D:6      | Reached ** piety under Uskayaw
  4070 | D:6      | Reached *** piety under Uskayaw
  4093 | D:6      | Reached skill level 1 in Invocations
  4161 | D:5      | Reached skill level 5 in Fighting
  4259 | D:6      | Noticed a kobold demonologist
  4262 | D:6      | Noticed a sixfirhy
  4263 | D:6      | Noticed a soul eater
  4265 | D:6      | Noticed a hellwing
  4291 | D:6      | Reached skill level 5 in Shields
  4314 | D:7      | Found a burning altar of Makhleb.
  4367 | D:7      | Reached XP level 9. HP: 47/47 MP: 11/11
  4426 | D:7      | Reached skill level 5 in Short Blades
  4651 | D:7      | Found a runed door.
  4720 | D:7      | Reached skill level 5 in Armour
  5386 | D:8      | Found a blossoming altar of Fedhas.
  5400 | D:8      | Noticed a two-headed ogre
  5413 | D:8      | HP: 1/48 [two-headed ogre/great mace (13)]
  5490 | D:8      | Killed a two-headed ogre
  5490 | D:8      | Reached XP level 10. HP: 48/53 MP: 13/13
  5751 | D:8      | Reached skill level 5 in Dodging
  6002 | D:8      | Noticed a two-headed ogre
  6017 | D:8      | Killed a two-headed ogre
  6017 | D:8      | Reached **** piety under Uskayaw
  6252 | D:9      | Found a glowing golden altar of the Shining One.
  6273 | D:9      | Found a staircase to the Orcish Mines.
  6273 | D:9      | Found a shadowy altar of Dithmenos.
  6359 | D:9      | Noticed a two-headed ogre
  6378 | D:9      | Reached ***** piety under Uskayaw
  6384 | D:9      | HP: 2/53 [two-headed ogre/dire flail (5)]
  6386 | D:9      | Killed a two-headed ogre
  6386 | D:9      | Reached skill level 5 in Invocations
  6482 | D:8      | Reached XP level 11. HP: 57/58 MP: 15/15
  6897 | D:9      | Found a stormy altar of Qazlal.
  6997 | D:10     | Entered Level 10 of the Dungeon
  7048 | D:10     | Found a staircase to the Lair.
  7051 | D:10     | Noticed Harold
  7093 | D:10     | Killed Harold
  7208 | D:10     | Found a blossoming altar of Fedhas.
  7417 | D:10     | Noticed Fannar
  7426 | D:10     | Killed Fannar
  8170 | D:11     | Gained mutation: You heal very quickly. [Vine Stalker growth]
  8170 | D:11     | Reached XP level 12. HP: 60/64 MP: 17/17
  8582 | D:11     | Identified the +5 long sword "Cuorod" {drain, rElec rPois Str+3 Dex+4} (You found it on level 11 of the Dungeon)
  9338 | D:12     | Noticed an eight-headed hydra
 10089 | D:7      | Noticed Crazy Yiuf
 10094 | D:7      | Killed Crazy Yiuf
 10210 | Lair:1   | Entered Level 1 of the Lair of Beasts
 11207 | Lair:2   | Reached XP level 13. HP: 62/70 MP: 19/19
 11221 | Lair:2   | Found a frozen archway.
 11244 | IceCv    | Entered an ice cave
 11288 | IceCv    | Reached ****** piety under Uskayaw
 11375 | IceCv    | Gained mutation: You evolve. [potion of mutation]
 11375 | IceCv    | Gained mutation: Your system is resistant to poisons. (rPois) [potion of mutation]
 11375 | IceCv    | Lost mutation: You evolve. [potion of mutation]
 11375 | IceCv    | Gained mutation: Your spells are a little harder to cast, but a little more powerful. [potion of mutation]
 11602 | IceCv    | Noticed a frost giant
 11650 | IceCv    | Killed a frost giant
 12179 | Lair:2   | Found a staircase to the Shoals.
 13153 | Lair:4   | Found a staircase to the Snake Pit.
 13674 | Lair:4   | Noticed an entropy weaver
 13674 | Lair:4   | Noticed an entropy weaver
 13772 | Lair:4   | Killed an entropy weaver
 13906 | Lair:4   | Noticed Sonja
 13909 | Lair:4   | Noticed Sonja
 13909 | Lair:4   | Sonja changed into Sonja the tengu
 13921 | Lair:4   | Killed an entropy weaver
 13921 | Lair:4   | Reached XP level 14. HP: 26/76 MP: 21/21
 13922 | Lair:4   | Killed Sonja the tengu
 14817 | Lair:5   | Reached skill level 10 in Fighting
 14817 | Lair:5   | Reached skill level 10 in Short Blades
 14903 | Lair:5   | Found a runed door.
 14903 | Lair:5   | Found a viscous altar of Jiyva.
 14903 | Lair:5   | Noticed an acid blob
 14904 | Lair:5   | Noticed an acid blob
 14905 | Lair:5   | Noticed an acid blob
 14913 | Lair:5   | Found a staircase to the Slime Pits.
 14932 | Lair:5   | Noticed Nessos
 14933 | Lair:5   | Noticed Nessos
 14933 | Lair:5   | Nessos changed into Nessos the torpor snail
 14939 | Lair:5   | Killed Nessos the torpor snail
 15208 | Lair:6   | Entered Level 6 of the Lair of Beasts
 15761 | Lair:6   | Reached skill level 10 in Invocations
 15763 | Lair:6   | Reached skill level 10 in Shields
 15973 | Lair:6   | Reached XP level 15. HP: 81/81 MP: 23/23
 16118 | Lair:6   | Got a wavering wooden ring
 16120 | Lair:6   | Identified the ring "Heiw" {rCorr rPois rN++ MR+} (You found it on level 6 of the Lair of Beasts)
 16363 | Lair:6   | Reached skill level 10 in Armour
 16830 | D:12     | Noticed Kirke
 17072 | D:12     | Killed Kirke
 17886 | D:14     | Found a labyrinth entrance.
 17899 | Lab      | Entered a labyrinth
 18019 | Lab      | Got a flickering turquoise ring
 18024 | Lab      | Identified the ring of Hocsuho {rF+ MP+9 Dex+3} (You found it in a labyrinth)
 18312 | Lab      | Got a pair of dazzling gloves
 18323 | Lab      | Identified the cursed +0 pair of gloves "Forget-Me-Not" {rElec rN+ SInv Stlth+} (You found it in a labyrinth)
 18326 | Lab      | Identified the Guide on Hexes
 18347 | Lab      | Identified the Disquisition on the Rocks
 18386 | D:14     | Found a glowing golden altar of the Shining One.
 18905 | D:14     | Found a gate to the Vaults.
 19267 | D:15     | Entered Level 15 of the Dungeon
 19498 | Orc:1    | Entered Level 1 of the Orcish Mines
 19518 | Orc:1    | Reached skill level 10 in Dodging
 19759 | Orc:1    | Found a burning altar of Makhleb.
 20031 | Orc:2    | Entered Level 2 of the Orcish Mines
 20175 | Orc:2    | Reached XP level 16. HP: 84/88 MP: 22/25
 20205 | Orc:2    | Noticed Erolcha
 20215 | Orc:2    | Killed Erolcha
 20449 | Orc:2    | Found Ibycuf's Distillery.
 20488 | Orc:2    | Found Ziell's General Store.
 21129 | Orc:2    | Found Kiqat's Gadget Emporium.
 21129 | Orc:2    | Found Konougupn's Antique Armour Shoppe.
 21129 | Orc:2    | Found a one-way gate leading to the halls of Pandemonium.
 21133 | Orc:2    | Bought the +10 large shield of Ignorance {rN+ Int-4} for 1489 gold pieces
 21253 | Orc:2    | Found a staircase to the Elven Halls.
 21492 | Shoals:1 | Entered Level 1 of the Shoals
 21493 | Shoals:1 | Noticed Roxanne
 21667 | Orc:2    | Bought a scroll of blinking for 112 gold pieces
 21840 | Snake:1  | Entered Level 1 of the Snake Pit
 23293 | Snake:2  | Reached XP level 17. HP: 79/94 MP: 27/27
 23354 | Snake:2  | Found Qokh's Antique Armour Boutique.
 23903 | Snake:3  | Noticed Mara
 23916 | Snake:3  | Noticed kuniqs's illusion
 23921 | Snake:3  | Noticed kuniqs's illusion
 24081 | Snake:3  | Killed Mara
 24109 | Snake:3  | Noticed Agnes
 24117 | Snake:3  | Killed Agnes
 24247 | Snake:3  | Noticed Vashnia
 24264 | Snake:3  | Killed Vashnia
 24519 | Snake:4  | Entered Level 4 of the Snake Pit
 24655 | Snake:4  | Reached XP level 18. HP: 83/100 MP: 26/28
 25555 | Snake:4  | Got a serpentine rune of Zot
 26013 | Shoals:1 | Found Cecw's Antique Weapon Shop.
 26022 | Shoals:1 | Found Hidu's Gadget Boutique.
 26086 | Shoals:1 | HP: 5/101 [drowned by a drowned soul[a merfolk avatar] (3)]
 26090 | Shoals:1 | HP: 2/101 [drowned by a drowned soul[a merfolk avatar] (4)]
 26096 | Shoals:1 | HP: 5/101 [drowned by a drowned soul[a merfolk avatar] (5)]
 26097 | Shoals:1 | HP: 1/101 [drowned by a drowned soul[a merfolk avatar] (5)]
 26099 | Shoals:1 | Drowned by a drowned soul

Skill      XL: |  1  2  3  4  5  6  7  8  9 10 11 12 13 14 15 16 17 18 |
---------------+-------------------------------------------------------+-----
Short Blades   | 2 3 4 5 6 7 8 9 10 | 10.3
Dodging        | 1 2 3 4 5 6 7 8 9 10 11 12 | 12.0
Fighting       | 3 4 5 6 7 8 9 10 11 12 13 | 13.8
Shields        | 3 4 5 6 7 8 9 10 11 12 13 | 13.1
Armour         | 3 4 5 6 7 8 9 10 11 12 | 12.7
Invocations    | 1 3 5 6 7 9 10 11 12 13 | 13.8

Action                   |  1- 3 |  4- 6 |  7- 9 | 10-12 | 13-15 | 16-18 || total
-------------------------+-------+-------+-------+-------+-------+-------++-------
Melee: Rapier            |   104 |   179 |   337 |    33 |       |       ||   653
       Bite              |    25 |    44 |   122 |   418 |   774 |   776 ||  2159
       Dagger            |       |       |       |   604 |   106 |    47 ||   757
       Long sword        |       |       |       |   244 |  1194 |  1368 ||  2806
       Unarmed           |       |       |       |       |     2 |       ||     2
Throw: Throwing net      |       |       |       |     3 |       |       ||     3
Invok: Line Pass         |       |       |       |       |     1 |       ||     1
       Grand Finale      |       |       |       |       |     1 |     1 ||     2
Evoke: Wand              |       |       |     5 |    11 |     5 |       ||    21
       Lightning rod     |       |       |       |     4 |     3 |     1 ||     8
  Use: Scroll            |       |     1 |    11 |     9 |     9 |     7 ||    37
       Potion            |       |       |     1 |       |     5 |       ||     6
 Stab: Distracted        |       |       |     2 |       |       |       ||     2
       Paralysed         |       |       |     7 |    52 |   108 |   130 ||   297
       Held in net/web   |       |       |       |     1 |       |       ||     1
       Confused          |       |       |       |       |     2 |       ||     2
  Eat: Chunk             |     1 |     4 |     5 |    20 |    32 |    17 ||    79
       Royal jelly       |       |       |     2 |       |     2 |     3 ||     7
       Fruit             |       |       |     1 |     2 |       |       ||     3
Armor: Scale mail        |    32 |    63 |     5 |       |       |       ||   100
       Chain mail        |       |       |   111 |       |    20 |   402 ||   533
       Plate armour      |       |       |    16 |   256 |   733 |       ||  1005
Dodge: Dodged            |    28 |    49 |    92 |   152 |   647 |   474 ||  1442
Block: Shield            |    61 |    77 |   138 |   385 |  1482 |   325 ||  2468
       Reflection        |       |       |       |     4 |    32 |   280 ||   316
       Large shield      |       |       |       |       |       |  1981 ||  1981
       Rpst.: Long sword |       |       |       |    19 |   128 |    76 ||   223
